 Dungeon Crawl Stone Soup version 0.31-a0-876-gfe8ebadbca (webtiles) character file.

Game seed: 10603461911181981551

445 Arex the Trooper (level 6, -7/49 HPs)
             Began as a Demonspawn Fighter on Oct 14, 2023.
             Splashed by a jelly's acid (9 damage)
             ... on level 5 of the Dungeon.
             The game lasted 00:05:05 (3106 turns).

Arex the Trooper (Demonspawn Fighter)               Turns: 3106, Time: 00:05:06

Health: -7/49      AC: -8    Str: 18    XL:     6   Next: 72%
Magic:  6/6        EV:  9    Int: 10    God:
Gold:   79         SH:  5    Dex: 12    Spells: 5/5 levels left

rFire   + . .        u - -1 demon trident
rCold   . . .        c - +0 buckler
rNeg    . . .        b - +0 scale mail
rPois   .            (no helmet)
rElec   .            (no cloak)
rCorr   .            (no gloves)
SInv    .            (no boots)
Will    .....        p - amulet of regeneration Stlth
                     m - ring of protection from fire
HPRegen 1.08/turn    (no ring)
MPRegen 0.10/turn

%: no passive effects
@: corroded
A: powered by death 2, demonic magic 1
a: no special abilities


You were on level 5 of the Dungeon.
You visited 1 branch of the dungeon, and saw 5 of its levels.

You collected 209 gold pieces.
You spent 130 gold pieces at shops.

Inventory:

Hand Weapons
 a - a +0 flail
 k - the +3 whip "Mumniut" {flame, Dex+2}
   (You found it on level 2 of the Dungeon)

   Dex+2:     It affects your dexterity (+2).
 u - a -1 demon trident (weapon)
Armour
 b - a +0 scale mail (worn)
 c - a +0 buckler (worn)
Jewellery
 m - a ring of protection from fire (left hand)
 p - an amulet of regeneration (around neck)
 y - an amulet of the acrobat
Wands
 l - a wand of charming (4)
Scrolls
 g - 2 scrolls of vulnerability
 o - a scroll of noise
 r - a scroll of amnesia
 s - a scroll of teleportation
 t - a scroll of butterflies
 v - a scroll of fog {unknown}
 w - a scroll of fear {unknown}
Potions
 d - a potion of might
 e - a potion of attraction {unknown}
 f - a potion of resistance {unknown}
 h - a potion of curing {unknown}
 i - 2 potions of enlightenment
 j - a potion of ambrosia
 n - a potion of degeneration {unknown}
 q - 2 potions of invisibility
 x - a potion of brilliance {unknown}


   Skills:
 + Level 4.5 Fighting
 - Level 3.3 Maces & Flails
 * Level 1.5 Polearms
 + Level 4.1 Armour
 + Level 4.0 Shields


You had 5 spell levels left.
You didn't know any spells.
Your spell library contained the following spells:

 Spells                   Type           Power      Damage    Failure   Level
 Kiss of Death            Conj/Necr      0%         2d5       82%         1
 Summon Small Mammal      Summ           0%         N/A       82%         1
 Cigotuvi's Dreadful Rot  Necr/Pois/Air  0%         N/A       91%         2
 Call Canine Familiar     Summ           0%         N/A       99%         3
 Confusing Touch          Hex            0%         N/A       99%         3
 Summon Guardian Golem    Hex/Summ       0%         N/A       99%         3
 Dispel Undead            Necr           0%         3d6       100%        4
 Death Channel            Necr           0%         N/A       100%        6


Dungeon Overview and Level Annotations

Branches:
Dungeon (5/15)
 Temple: D:4-7

Altars:

Shops:
D:4 *=

Annotations:
D:3 1 runed translucent door, Crazy Yiuf


Innate Abilities, Weirdness & Mutations

You regenerate health from kills.
Spells you cast may paralyse adjacent enemies.


Message History

You are too injured to fight recklessly!
You are too injured to fight recklessly!
You are too injured to fight recklessly!
You are too injured to fight recklessly!
You are too injured to fight recklessly!
You are too injured to fight recklessly!
You are too injured to fight recklessly!
You are too injured to fight recklessly!
You are too injured to fight recklessly!
You are too injured to fight recklessly!
You are too injured to fight recklessly!
You are too injured to fight recklessly!
You are too injured to fight recklessly!
You are too injured to fight recklessly!
You are too injured to fight recklessly!
You are too injured to fight recklessly!
You are too injured to fight recklessly!
You are too injured to fight recklessly!
You are too injured to fight recklessly!
You are too injured to fight recklessly!
You are too injured to fight recklessly!
You are too injured to fight recklessly!
You hit the jelly.
Your hands burn!
The jelly is moderately wounded.
The jelly barely misses you.
You puncture the jelly!
Your hands burn!
The jelly is almost dead.
The jelly hits you. The acid corrodes you!
You are splashed with acid!
* * * LOW HITPOINT WARNING * * *
You hit the jelly but do no damage.
Your hands burn!
* * * LOW HITPOINT WARNING * * *
The jelly is almost dead.
The jelly hits you.
* * * LOW HITPOINT WARNING * * *
You are splashed with acid.
* * * LOW HITPOINT WARNING * * *
The jelly hits you.
* * * LOW HITPOINT WARNING * * *
The acid corrodes you!
You are splashed with acid!
You die...

#.####.# ... #.#..#.#
#.## #.#..#.# #..
#.#..#.#. ...
#.#..#.#.##.#
#.#..#.#..?.#
#.#..#.# #..####
#.#..#.# ##J...#
#.#..#.# #@####
#.#..#.#. #.#
#.#..#.#.##.#
######'#..#.#..#.#
#.........#.#....#
#.........#.#.#..#
#.........#.#.#..###
######.#..#.#.##...##
#.#<.#.#.##.#..###


You could see a jelly.

Vanquished Creatures
  3 scorpions (D:4)
  An iguana (D:4)
  2 orc wizards (D:3)
  10 adders
  4 dart slugs
  10 orcs
  12 ball pythons
  13 endoplasms
  3 giant cockroaches
  7 hobgoblins
  4 kobolds
  A quokka (D:2)
  4 bats
  4 frilled lizards
  7 goblins
  3 rats
88 creatures vanquished.

Notes
Turn   | Place    | Note
-------+----------+-------------------------------------------
     0 | D:1      | Arex the Demonspawn Fighter began the quest for the Orb.
     0 | D:1      | Reached XP level 1. HP: 18/18 MP: 1/1
   249 | D:1      | Gained mutation: You regenerate a little health from kills.
                  | [demonic ancestry]
   249 | D:1      | Reached XP level 2. HP: 21/24 MP: 2/2
   458 | D:1      | Found a faded altar of an unknown god.
   657 | D:2      | Reached XP level 3. HP: 28/29 MP: 3/3
   747 | D:2      | Identified the +3 whip "Mumniut" {flame, Dex+2}
   804 | D:2      | Gained mutation: You regenerate health from kills. [demonic
                  | ancestry]
   804 | D:2      | Reached XP level 4. HP: 28/35 MP: 4/4
  1466 | D:3      | Found a runed translucent door.
  1467 | D:3      | Noticed Crazy Yiuf
  1615 | D:3      | Reached XP level 5. HP: 29/42 MP: 5/5
  2508 | D:4      | Gained mutation: Spells you cast may paralyse adjacent
                  | enemies. [demonic ancestry]
  2508 | D:4      | Reached XP level 6. HP: 48/48 MP: 6/6
  2543 | D:4      | Found Jexammyu's Lightly-Used Armoury.
  2548 | D:4      | Bought a -1 demon trident for 130 gold pieces
  2763 | D:4      | Found Vuywyec's One-of-a-Kind Rings.
  2776 | D:4      | Reached skill level 1 in Polearms
  2984 | D:5      | Entered Level 5 of the Dungeon
  3106 | D:5      | HP: 2/49 [jelly (3)]
  3106 | D:5      | Splashed by a jelly's acid

Illustrated notes

Levels and vault maps discovered:
D:1:      eino_arrival_water_cross, layout_basic,
          hellmonk_ecumenical_altar_prayer_group
D:2:      layout_loops_ring, minmay_bisected
D:3:      layout_basic, uniq_crazy_yiuf_cottage
D:4:      layout_basic, minmay_shop_damaged, nicolae_shop_unique_rings
D:5:      layout_basic, cheibrodos_sewer_entry_sluice, grunt_decor_cap,
          minmay_misc_feat_rows, nicolae_shop_fire_sale
          [nicolae_sub_dead_trees], hangedman_abyss_or_decor_passed

Skill      XL: |  1  2  3  4  5  6 |
---------------+-------------------+-----
Maces & Flails | 2 3 |  3.3
Armour         | 3 4 |  4.1
Shields        | 3 4 |  4.0
Fighting       | 4 |  4.5
Polearms       | 1 |  1.5

Action                     |  1- 3 |  4- 6 || total
---------------------------+-------+-------++-------
  Melee: Flail             |    75 |       ||    75
         Whip              |    16 |   114 ||   130
         Demon trident     |       |    55 ||    55
    Use: Scroll            |       |     8 ||     8
 Armour: Scale mail        |    67 |   100 ||   167
  Dodge: Dodged            |    40 |    65 ||   105
  Block: Buckler           |    15 |    26 ||    41

Table legend: (Time is in decaauts)
 A = Elapsed time spent in this place.
 B = Non-inter-level travel time spent in this place.
 C = Inter-level travel time spent in this place.
 D = Time resting spent in this place.
 E = Time spent auto-exploring this place.
 F = Levels seen in this place.
 G = Mean time per level.
                   A        B        C        D        E       F      G
               +--------+--------+--------+--------+--------+-----+--------+
         Total |   3143 |   2983 |    160 |      0 |   2396 |   5 |  628.6 |
       Dungeon |   3143 |   2983 |    160 |      0 |   2396 |   5 |  628.6 |
               +--------+--------+--------+--------+--------+-----+--------+

Top non-repeatable levels by time:
     D:3: 1036 daAuts
     D:2: 686 daAuts
     D:1: 657 daAuts
     D:4: 638 daAuts
     D:5: 124 daAuts
